 Dungeon Crawl Stone Soup version 0.32-a0-290-g598725c5f2 (webtiles) character file.

Game seed: 18375232797356107448

14 Bravepunisher the Ducker (level 2, 0/16 HPs)
             Began as a Spriggan Monk on Feb 13, 2024.
             Was a Believer of Makhleb.
             Slain by a sky beast (5 damage)
             ... on level 6 of the Dungeon.
             The game lasted 00:03:18 (554 turns).

Bravepunisher the Ducker (Spriggan Monk)             Turns: 554, Time: 00:03:23

Health: 0/16       AC:  2    Str:  7    XL:     2   Next: 31%
Magic:  4/4        EV: 19    Int: 11    God:    Makhleb [**....]
Gold:   59         SH:  0    Dex: 17    Spells: 1/1 levels left

rFire   . . .        a - +0 short sword
rCold   . . .        (no shield)
rNeg    . . .        b - +0 robe
rPois   .            (helmet restricted)
rElec   .            (no cloak)
rCorr   .            (gloves unavailable)
SInv    +            (boots unavailable)
Will    .....        (no amulet)
Stlth   ++           (no ring)
HPRegen 0.22/turn    (no ring)
MPRegen 0.09/turn

%: no passive effects
@: very quick
A: very small, no large weapons, unfitting armour, see invisible, speed 3
a: Renounce Religion, Minor Destruction


You were on level 6 of the Dungeon.
You worshipped Makhleb.
Makhleb was pleased with you.
You visited 2 branches of the dungeon, and saw 6 of its levels.

You collected 59 gold pieces.

Inventory:

Hand Weapons
 a - a +0 short sword (weapon)
Armour
 b - a +0 robe (worn)
Scrolls
 d - a scroll of identify {unknown}
 f - a scroll of fog {unknown}
 g - a scroll of fear {unknown}
Potions
 c - a potion of ambrosia
 e - a potion of heal wounds {unknown}


   Skills:
 - Level 2.5 Fighting
 - Level 3.2 Short Blades
 - Level 4.3 Dodging
 * Level 1.4 Invocations


You had one spell level left.
You didn't know any spells.
Your spell library was empty.

Dungeon Overview and Level Annotations

Branches:
Dungeon (6/15)             Temple (1/1) D:6

Altars:
Ashenzari
Cheibriados
Dithmenos
Elyvilon
Fedhas
Gozag
Hepliaklqana
Kikubaaqudgha
Makhleb
Nemelex Xobeh
Okawaru
Qazlal
Ru
Trog
Uskayaw
Vehumet
Wu Jian
Xom
Zin
The Shining One

Annotations:
D:3 Ijyb


Innate Abilities, Weirdness & Mutations

You are very small and have problems with some larger weapons.
You are too small for most types of armour.
You have supernaturally acute eyesight. (SInv)
You cover ground extremely quickly. (Speed+++)


Message History

Press: ? - help, Shift-Dir - straight line, f/p - sky beast
Aim: a sky beast (moderately wounded, slightly transparent)
The glob of acid misses the sky beast.
Aiming: Minor Destruction (13% risk of failure)
Press: ? - help, Shift-Dir - straight line, f/p - sky beast
Aim: a sky beast (moderately wounded, slightly transparent)
The stone arrow hits the sky beast!
The sky beast is severely wounded.
Aiming: Minor Destruction (13% risk of failure)
Press: ? - help, Shift-Dir - straight line, f/p - sky beast
Aim: a sky beast (severely wounded, slightly transparent)
The sky beast writhes in agony.
Aiming: Minor Destruction (13% risk of failure)
Press: ? - help, Shift-Dir - straight line, f/p - sky beast
Aim: a sky beast (almost dead, slightly transparent)
The sky beast resists with some effort.
Aiming: Minor Destruction (13% risk of failure)
Press: ? - help, Shift-Dir - straight line, f/p - sky beast
Aim: a sky beast (almost dead, slightly transparent)
You fail to use your ability.
Aiming: Minor Destruction (13% risk of failure)
Press: ? - help, Shift-Dir - straight line, f/p - sky beast
Aim: a sky beast (almost dead, slightly transparent)
The sky beast easily resists.
The sky beast misses you.
Aiming: Minor Destruction (13% risk of failure)
Press: ? - help, Shift-Dir - straight line, f/p - sky beast
Aim: a sky beast (almost dead, slightly transparent)
You fail to use your ability.
The sky beast closely misses you.
Unknown command.
Aiming: Minor Destruction (13% risk of failure)
Press: ? - help, Shift-Dir - straight line, f/p - sky beast
Aim: a sky beast (almost dead, slightly transparent)
You fail to use your ability.
The sky beast barely misses you.
Aiming: Minor Destruction (13% risk of failure)
Press: ? - help, Shift-Dir - straight line, f/p - sky beast
Aim: a sky beast (almost dead, slightly transparent)
The zap hits the sky beast.
The sky beast completely resists.
The sky beast is almost dead.
The sky beast hits you. The sky beast shocks you.
You die...

##....)........#
##..
.............##
###...
.#.........##
##.....
##.......##
##...... ####..###
#....... ##.##
##....... #..#
#........ #####.##
#........ #..@Y..#
#........
##.....##
##..(....
##.....## #.......
#......## ##......
##......# #.......
##.....###.......
##..............
#....#....#####...
...#####...# #..


You could see a sky beast (invisible).

Vanquished Creatures
  An adder (D:6)
  An endoplasm (D:2)
  A bat (D:2)
  A rat (D:1)
4 creatures vanquished.

Notes
Turn   | Place    | Note
-------+----------+-------------------------------------------
     0 | D:1      | Bravepunisher the Spriggan Monk began the quest for the
                  | Orb.
     0 | D:1      | Reached XP level 1. HP: 11/11 MP: 2/2
   149 | D:2      | Found a glowing silver altar of Zin.
   228 | D:3      | Noticed Ijyb
   266 | D:3      | You fall into a shaft and drop 3 floors!
   271 | D:6      | Found a staircase to the Ecumenical Temple.
   277 | Temple   | Entered the Ecumenical Temple
   292 | Temple   | Became a worshipper of Makhleb the Destroyer
   292 | Temple   | Reached * piety under Makhleb
   292 | Temple   | Reached ** piety under Makhleb
   404 | D:6      | Noticed a sleepcap
   460 | D:5      | Entered Level 5 of the Dungeon
   465 | D:5      | Noticed an orc wizard
   511 | D:6      | Noticed a sky beast
   524 | D:6      | Reached skill level 1 in Invocations
   524 | D:6      | Reached XP level 2. HP: 13/16 MP: 2/4
   554 | D:6      | Slain by a sky beast

Illustrated notes

Levels and vault maps discovered:
D:1:      lightli_arrival_quake, layout_rooms,
          hellmonk_ecumenical_altar_arch_garden
D:2:      layout_rooms, basic_altar, serial_shops, shop
D:3:      layout_loops_ring, yredelemnul_forgotten_temple_becter, uniq_natasha,
          uniq_ijyb
D:5:      layout_layer_cave, hellmonk_ghost_happy_afterlife, uniq_grinder
D:6:      layout_cave_pods, minmay_temple_entry_hall
Temple:   nicolae_temple_bog_church

Skill      XL: |  1 |
---------------+----+-----
Invocations    | 1 |  1.4
Fighting       | |  2.5
Short Blades   | |  3.2
Dodging        | |  4.3

Action                     || total
---------------------------++-------
  Melee: Short sword       ||    12
 Invoke: Minor Destruction ||    18
   Stab: Sleeping          ||     1
 Armour: Robe              ||     6
  Dodge: Dodged            ||    22

Table legend: (Time is in decaauts)
 A = Elapsed time spent in this place.
 B = Non-inter-level travel time spent in this place.
 C = Inter-level travel time spent in this place.
 D = Time resting spent in this place.
 E = Time spent auto-exploring this place.
 F = Levels seen in this place.
 G = Mean time per level.
                   A        B        C        D        E       F      G
               +--------+--------+--------+--------+--------+-----+--------+
         Total |    363 |    335 |     28 |      0 |    135 |   6 |   60.5 |
       Dungeon |    344 |    332 |     12 |      0 |    135 |   5 |   68.8 |
        Temple |     19 |      3 |     16 |      0 |      0 |   1 |   19.0 |
               +--------+--------+--------+--------+--------+-----+--------+

Top non-repeatable levels by time:
     D:6: 161 daAuts
     D:2: 82 daAuts
     D:1: 61 daAuts
     D:3: 32 daAuts
  Temple: 19 daAuts
     D:5: 7 daAuts
